 Dungeon Crawl Stone Soup version 0.28.0-53-g5a82cb258f (webtiles) character file.

Game seed: 7723519703936522711

627 Peloso the Slasher (level 7, -5/61 HPs)
             Began as a Minotaur Fighter on July 29, 2022.
             Was a Follower of Okawaru.
             Slain by an ogre
             ... wielding a +0 giant club
              (12 damage)
             ... on level 5 of the Dungeon.
             The game lasted 00:05:47 (4336 turns).

Peloso the Slasher (Minotaur Fighter)               Turns: 4336, Time: 00:05:47

Health: -5/61      AC: 12    Str: 20    XL:     7   Next: 23%
Magic:  6/6        EV: 10    Int:  5    God:    Okawaru [*.....]
Gold:   267        SH:  5    Dex: 12    Spells: 6/6 levels left

rFire   . . .      SeeInvis .   a - +1 long sword
rCold   . . .      Faith    .   c - +0 buckler
rNeg    . . .      Spirit   .   l - +0 scale mail
rPois   .          Reflect  .   (helmet restricted)
rElec   .          Harm     .   e - +0 cloak
rCorr   .          Rampage  .   (no gloves)
Will    .....                   r - +2 pair of boots
Stlth   ..........              (no amulet)
HPRegen 0.20/turn               (no ring)
MPRegen 0.10/turn               (no ring)

@: no status effects
A: horns 2, retaliatory headbutt
a: Renounce Religion, Heroism


You were on level 5 of the Dungeon.
You worshipped Okawaru.
Okawaru was aware of your devotion.
You visited 2 branches of the dungeon, and saw 6 of its levels.

You collected 267 gold pieces.

Inventory:

Hand Weapons
 a - a +1 long sword (weapon)
 b - the +2 mace "Uzxucef" {vorpal, rF+ rN++}
   (You found it on level 2 of the Dungeon)

   It inflicts extra damage upon your enemies.
   rF:        It protects you from fire.
   rN:        It greatly protects you from negative energy.
Missiles
 k - a throwing net (quivered)
Armour
 c - a +0 buckler (worn)
 e - a +0 cloak (worn)
 l - a +0 scale mail (worn)
 r - a +2 pair of boots (worn)
Wands
 t - a wand of paralysis (6)
 y - a wand of iceblast (5)
Scrolls
 f - a scroll of teleportation
 g - a scroll of magic mapping {unknown}
 h - a scroll of enchant armour {unknown}
 j - 2 scrolls of fog
 n - a scroll of silence {unknown}
 p - a scroll of acquirement {unknown}
 q - a scroll of brand weapon {unknown}
 v - 4 scrolls of blinking {unknown}
 w - a scroll of immolation {unknown}
 x - a scroll of identify
Potions
 d - 2 potions of might
 i - a potion of heal wounds
 m - a potion of haste {unknown}
 o - 2 potions of curing {unknown}
 s - 2 potions of magic {unknown}
 u - a potion of flight {unknown}


   Skills:
 + Level 5.1 Fighting
 + Level 6.3 Long Blades
 + Level 5.7 Armour
 + Level 2.1 Dodging
 + Level 1.0 Stealth
 + Level 4.7 Shields


You had 6 spell levels left.
You didn't know any spells.
Your spell library contained the following spells:

 Spells                   Type           Power      Damage    Failure   Level
 Shock                    Conj/Air       0%         1d3       88%         1
 Swiftness                Air            0%         N/A       99%         3
 Airstrike                Air            0%         N/A       100%        4
 Petrify                  Tmut/Erth      0%         N/A       100%        4
 Metabolic Englaciation   Hex/Ice        0%         N/A       100%        5
 Statue Form              Tmut/Erth      0%         N/A       100%        6


Dungeon Overview and Level Annotations

Branches:
Dungeon (5/15)             Temple (1/1) D:5

Altars:
Ashenzari
Cheibriados
Elyvilon
Fedhas
Gozag
Hepliaklqana
Kikubaaqudgha
Makhleb
Nemelex Xobeh
Okawaru
Qazlal
Ru
Sif Muna
Wu Jian
Yredelemnul

Annotations:
D:2 1 runed translucent door, Crazy Yiuf


Innate Abilities, Weirdness & Mutations

You have a pair of horns on your head.
You reflexively headbutt those who attack you in melee.


Message History

a +0 short sword; an orc corpse
v - 4 scrolls labelled OLYTYR FOMP (gained 3)
Things that are here:
a +0 short sword; an orc corpse You now have 267 gold pieces (gained 14).
Things that are here:
a +0 short sword; an orc corpse
There is an open door here.
Found a hazy altar of Hepliaklqana.
Found an ornate altar of the Wu Jian Council.
There is an open door here.
An ogre comes into view. It is wielding a +0 giant club.
The ogre shouts!
An ogre is nearby!
You barely miss the ogre. The ogre hits you with a +0 giant club!
You barely miss the ogre. The ogre misses you.
You barely miss the ogre. You block the ogre's attack.
You hit the ogre.
The ogre is lightly wounded.
You block the ogre's attack.
You barely miss the ogre.
The ogre is lightly wounded.
The ogre hits you with a +0 giant club.
You hit the ogre.
The ogre is lightly wounded.
You slash the ogre!
The ogre is heavily wounded.
The ogre hits you with a +0 giant club!
You hit the ogre. You headbutt the ogre.
The ogre is severely wounded.
The ogre hits you with a +0 giant club!!
* * * LOW HITPOINT WARNING * * *
You hit the ogre. You headbutt the ogre.
The ogre is almost dead.
The ogre hits you with a +0 giant club!
* * * LOW HITPOINT WARNING * * *
You barely miss the ogre.
The ogre is almost dead.
The ogre hits you with a +0 giant club!
You die...

# #.........# ###
.........### ..###
#.......... ....###
##......... ......#
##........# .. .....##
##.........# #.# .....#
#.....O....# #.# ....##
.......@..# #.# .)..#
.##.......# #.##
...#########.....### ##..#
..###.#...#......# #....
......#._.#......##### ##....
......#...######'#...##
#...#.
####..#.###.#...#.....##
##..### #
##..##....#.#.#......## #..##
#
##....#.##...#.#.......###..#
#


You could see an ogre.

Vanquished Creatures
  A wyvern (D:5)
  A black bear (D:4)
  A scorpion (D:5)
  A jelly (D:5)
  4 iguanas
  An orc wizard (D:3)
  4 gnolls (D:2)
  5 adders (D:2)
  2 worms
  6 orcs
  12 endoplasms
  4 giant cockroaches
  8 goblins
  8 hobgoblins
  3 jackals (D:3)
  12 kobolds
  3 quokkas
  2 ball pythons
  6 bats
  3 frilled lizards (D:1)
  6 rats
93 creatures vanquished.

Vanquished Creatures (others)
  7 plants
7 creatures vanquished.

Grand Total: 100 creatures vanquished

Notes
Turn   | Place    | Note
-------+----------+-------------------------------------------
     0 | D:1      | Peloso the Minotaur Fighter began the quest for the Orb.
     0 | D:1      | Reached XP level 1. HP: 19/19 MP: 0/0
   105 | D:1      | Reached XP level 2. HP: 16/27 MP: 1/1
  1079 | D:2      | Reached XP level 3. HP: 32/33 MP: 2/2
  1093 | D:2      | Reached skill level 3 in Long Blades
  1314 | D:2      | Reached skill level 1 in Dodging
  1318 | D:2      | Reached XP level 4. HP: 28/40 MP: 3/3
  1616 | D:2      | Identified the +2 mace "Uzxucef" {vorpal, rF+ rN++}
  1617 | D:2      | Identified the +5 mace of Datavot {freeze, *Corrode Int+10}
  1641 | D:2      | Found a runed translucent door.
  1642 | D:2      | Noticed Crazy Yiuf
  1834 | D:2      | Reached skill level 4 in Long Blades
  2128 | D:3      | Reached XP level 5. HP: 47/47 MP: 4/4
  3190 | D:4      | Noticed a black bear
  3209 | D:4      | Killed a black bear
  3210 | D:4      | Reached skill level 5 in Long Blades
  3210 | D:4      | Reached skill level 5 in Armour
  3210 | D:4      | Reached XP level 6. HP: 36/53 MP: 5/5
  3641 | D:5      | Entered Level 5 of the Dungeon
  3868 | D:5      | Found a staircase to the Ecumenical Temple.
  3873 | Temple   | Entered the Ecumenical Temple
  3920 | Temple   | Became a worshipper of Warmaster Okawaru
  4065 | D:5      | Noticed a wyvern
  4071 | D:5      | Killed a wyvern
  4072 | D:5      | Reached skill level 5 in Fighting
  4072 | D:5      | Reached skill level 6 in Long Blades
  4072 | D:5      | Reached XP level 7. HP: 52/61 MP: 6/6
  4162 | D:5      | Reached * piety under Okawaru
  4163 | D:5      | Reached skill level 1 in Stealth
  4306 | D:5      | Found a hazy altar of Hepliaklqana.
  4315 | D:5      | Found an ornate altar of the Wu Jian Council.
  4336 | D:5      | Slain by an ogre

Illustrated notes

Levels and vault maps discovered:
D:1:      psy_arrival_spokes, layout_loops_ring, chequers_serial_rivers_room_a,
          lexackson_kobold_supper
D:2:      layout_rooms, serial_forest, infiniplex_forest_join,
          infiniplex_forest_clump_cross, infiniplex_forest_end_1,
          infiniplex_forest_clump_diagonal, infiniplex_forest_clump_small,
          infiniplex_forest_end_2, infiniplex_forest_lined_room_2,
          minmay_misc_feat_columns, minmay_tetromino_o4, uniq_crazy_yiuf_cottage
D:3:      layout_basic
D:4:      layout_gridville
D:5:      layout_cave_pods, mainiacjoe_overflow_swirl,
          minmay_temple_entry_nine_rooms
Temple:   regret_index_temple_chain_breaker

Skill      XL: |  1  2  3  4  5  6  7 |
---------------+----------------------+-----
Armour         | 4 5 |  5.7
Shields        | 4 |  4.7
Fighting       | 4 5 |  5.1
Long Blades    | 3 4 5 6 |  6.3
Dodging        | 1 2 |  2.1
Stealth        | 1 |  1.0

Action                   |  1- 3 |  4- 6 |  7- 9 || total
-------------------------+-------+-------+-------++-------
Melee: Long sword        |    71 |   139 |    18 ||   228
       Headbutt          |    11 |    21 |     6 ||    38
  Use: Potion            |     2 |       |       ||     2
       Scroll            |     1 |     3 |       ||     4
Armor: Scale mail        |    32 |    58 |     2 ||    92
Dodge: Dodged            |    42 |    45 |     7 ||    94
Block: Buckler           |    10 |    33 |     2 ||    45
